 Dungeon Crawl Stone Soup version 0.22.0 (webtiles) character file.

4487 Blackhawk the Cleaver (level 10, -4/91 HPs)
             Began as a Minotaur Berserker on Nov 2, 2018.
             Was a High Priest of Trog.
             Killed from afar by an electric eel (9 damage)
             ... with a bolt of electricity
             ... on level 9 of the Dungeon.
             The game lasted 00:13:15 (10291 turns).

Blackhawk the Cleaver (Minotaur Berserker)         Turns: 10291, Time: 00:13:15

Health: -4/91      AC: 14    Str: 25    XL:     10   Next: 16%
Magic:  9/9        EV: 12    Int:  4    God:    Trog [*****.]
Gold:   668        SH:  0    Dex: 10    Spells: 9/9 levels left

rFire    + . .     SeeInvis .   a - +0 hand axe
rCold    . . .     Gourm    .   (no shield)
rNeg     . . .     Faith    .   p - +2 chain mail {rF+}
rPois    .         Spirit   .   (helmet restricted)
rElec    .         Reflect  .   (no cloak)
rCorr    .         Harm     .   e - +0 pair of gloves
MR       .....                  (no boots)
Stlth    ..........             (no amulet)
HPRegen  0.25/turn              g - ring of flight
MPRegen  0.11/turn              (no ring)

@: berserk cooldown, slowed, very slow
A: retaliatory headbutt, horns 2
a: Berserk, Trog's Hand, Brothers in Arms, Renounce Religion, Evoke Flight


You were on level 9 of the Dungeon.
You worshipped Trog.
Trog was extremely pleased with you.
You were not hungry.

You visited 1 branch of the dungeon, and saw 9 of its levels.
You also visited: Ossuary.

You collected 668 gold pieces.

Inventory:

Hand Weapons
 a - a +0 hand axe (weapon)
Missiles
 f - 196 stones (quivered)
 j - 63 bolts
 n - 5 tomahawks
 M - 4 tomahawks of dispersal
Armour
 b - a +0 animal skin
 e - a +0 pair of gloves (worn)
 p - a +2 chain mail of fire resistance (worn)
Jewellery
 g - a ring of flight (left hand)
 i - a cursed -5 ring of protection {unknown}
 C - a +2 ring of evasion {unknown}
 E - a cursed ring of teleportation {unknown}
 L - an uncursed ring of stealth {unknown}
 Q - an uncursed amulet of harm {unknown}
Wands
 D - a wand of enslavement (6)
 H - a wand of acid (20)
 I - a wand of clouds (5)
 K - a wand of iceblast (7)
 N - a wand of paralysis (16)
 O - a wand of disintegration (2)
Scrolls
 d - 4 scrolls of teleportation
 l - 8 scrolls of identify
 o - a scroll of blinking {unknown}
 q - 6 scrolls of remove curse
 r - 5 scrolls of immolation {unknown}
 t - 4 scrolls of amnesia {unknown}
 w - 2 scrolls of fog {unknown}
 y - 3 scrolls of enchant weapon {unknown}
 F - a scroll of magic mapping {unknown}
 G - 2 scrolls of random uselessness {unknown}
 J - a scroll of enchant armour {unknown}
Potions
 h - 2 potions of curing
 k - a potion of mutation
 m - a potion of invisibility
 s - 2 potions of magic
 u - 3 potions of might {unknown}
 v - 3 potions of haste
 x - a potion of berserk rage {unknown}
 z - 4 potions of heal wounds {unknown}
 A - a potion of lignification {unknown}
 B - a potion of resistance {unknown}
Comestibles
 c - 13 rations
 P - 3 chunks of flesh


   Skills:
 + Level 9.6 Fighting
 + Level 9.6 Axes
 + Level 9.3 Armour
 + Level 8.4 Dodging


You had 9 spell levels left.
You didn't know any spells.
Your spell library was empty.

Dungeon Overview and Level Annotations

Branches:
Dungeon (9/15)             Temple (0/1) D:6
   Lair: D:8-11         Orc: D:9-12

Altars:
Dithmenos
Elyvilon
Fedhas
Gozag
Okawaru
Sif Muna

Shops:
D:5 (


Innate Abilities, Weirdness & Mutations

You reflexively headbutt those who attack you in melee.
You have a pair of horns on your head.


Message History

The electric eel shoots out a bolt of lightning at you!
The bolt of electricity hits you!
* * * LOW HITPOINT WARNING * * *
You feel better.
The electric eel shoots out a bolt of lightning at you!
The bolt of electricity hits you!
* * * LOW HITPOINT WARNING * * *
The electric eel shoots out a bolt of lightning at you!
The bolt of electricity hits the electric eel.
The electric eel completely resists.
The bolt of electricity hits you!
* * * LOW HITPOINT WARNING * * *
Aiming: Enslavement
Press: ? - help, Shift-Dir - straight line, f - electric eel
Aim: an electric eel (water, moderately wounded, chance to defeat MR: 54%)
The electric eel is charmed.
The electric eel shoots out a bolt of lightning at you!
The bolt of electricity hits your electric eel.
Your electric eel completely resists.
The bolt of electricity hits you!
You die...

#..# #..# #.≈...≈...≈
##..# #≈.≈.≈.≈.≈.
....##### #...≈...≈..
###.....# #≈.≈.≈.≈.≈.
#####.# #.≈...≈...≈ #.#
####≈.≈.;.≈.≈. #.#
#......;...≈.. #.#
#.##≈.@.≈.≈.≈. ##### #.#
#.##.≈...≈...≈
....###.###...?.≈†≈.≈.≈.
.................##.#.##
.....................<..
###########......##?#.##
#......# #.# #........ #
#########.


You could see an electric eel and a friendly electric eel.

Vanquished Creatures
  A two-headed ogre (D:8)
  A hippogriff (D:9)
  A spriggan (D:7)
  A hungry ghost (D:8)
  Menkaure (D:4)
  A water moccasin (D:7)
  2 orc warriors
  A sky beast (D:8)
  A black bear (D:7)
  4 ogres
  A necrophage (D:8)
  2 centaurs
  A crocodile (D:7)
  A bullfrog (D:8)
  4 scorpions
  6 killer bees (D:9)
  A howler monkey (D:6)
  6 crimson imps
  A centaur zombie (D:6)
  2 jellies
  An orc priest (D:3)
  6 hounds
  A gnoll shaman (D:6)
  2 bullfrog skeletons
  2 iguanas
  Terence (D:3)
  7 orc wizards
  7 worker ants
  A big kobold zombie (Ossuary)
  9 mummies
  A hound zombie (D:7)
  A hound skeleton (D:5)
  12 gnolls
  9 adders
  A howler monkey skeleton (D:8)
  A shadow imp (D:7)
  An ooze (D:3)
  An adder skeleton (D:7)
  6 worms
  6 dart slugs
  4 leopard geckos
  23 orcs
  3 ball pythons
  6 bats
  7 giant cockroaches
  7 goblins
  12 hobgoblins
  8 jackals
  5 kobolds
  3 quokkas
  6 frilled lizards
  A gnoll zombie (Ossuary)
  4 kobold zombies (Ossuary)
  2 orc zombies (Ossuary)
  A quokka skeleton (D:4)
  14 rats
221 creatures vanquished.

Vanquished Creatures (others)
  An orc wizard (D:4)
  An ooze (D:3)
2 creatures vanquished.

Grand Total: 223 creatures vanquished

Notes
Turn   | Place    | Note
-------+----------+-------------------------------------------
     0 | D:1      | Blackhawk the Minotaur Berserker began the quest for the Orb.
     0 | D:1      | Reached XP level 1. HP: 19/19 MP: 0/0
   437 | D:1      | Reached XP level 2. HP: 27/27 MP: 1/1
  1071 | D:1      | Reached XP level 3. HP: 31/33 MP: 2/2
  1100 | D:1      | Reached ** piety under Trog
  1512 | D:2      | Reached XP level 4. HP: 12/40 MP: 3/3
  2655 | D:3      | Reached XP level 5. HP: 47/47 MP: 4/4
  2859 | D:3      | Noticed Terence
  2865 | D:3      | Killed Terence
  2976 | D:3      | Reached skill level 5 in Axes
  2977 | D:3      | Reached *** piety under Trog
  3118 | D:3      | Found a white marble altar of Elyvilon.
  3222 | D:3      | Found an iron altar of Okawaru.
  3238 | D:3      | Reached skill level 5 in Fighting
  3238 | D:3      | Reached XP level 6. HP: 44/56 MP: 5/5
  4172 | D:4      | Found a sand-covered staircase.
  4321 | Ossuary  | Entered an ossuary
  4337 | Ossuary  | Reached skill level 5 in Armour
  4358 | Ossuary  | Reached XP level 7. HP: 25/61 MP: 6/6
  5122 | D:4      | Noticed Menkaure
  5131 | D:4      | Killed Menkaure
  5131 | D:4      | Reached skill level 5 in Dodging
  5439 | D:4      | Reached **** piety under Trog
  5584 | D:4      | Found a deep blue altar of Sif Muna.
  5675 | D:5      | Entered Level 5 of the Dungeon
  5731 | D:5      | Found Wusuve's Antique Weapon Shop.
  5777 | D:5      | Reached XP level 8. HP: 65/71 MP: 7/7
  6029 | D:5      | You fall through a shaft for 2 floors!
  6036 | D:6      | Found a staircase to the Ecumenical Temple.
  7576 | D:7      | Reached XP level 9. HP: 77/81 MP: 8/8
  7729 | D:7      | Reached ***** piety under Trog
  9282 | D:8      | Found a shadowy altar of Dithmenos.
  9332 | D:8      | Found an opulent altar of Gozag.
  9660 | D:8      | Found a blossoming altar of Fedhas.
  9758 | D:8      | Noticed a two-headed ogre
  9766 | D:8      | Killed a two-headed ogre
  9766 | D:8      | Reached XP level 10. HP: 91/91 MP: 9/9
 10291 | D:9      | Killed from afar by an electric eel

Skill      XL: |  1  2  3  4  5  6  7  8  9 |
---------------+----------------------------+-----
Fighting       | 4 5 6 7 9 |  9.6
Axes           | 4 5 6 7 9 |  9.6
Armour         | 3 4 5 6 7 9 |  9.3
Dodging        | 3 4 5 6 8 |  8.4

Action                   |  1- 3 |  4- 6 |  7- 9 | 10-12 || total
-------------------------+-------+-------+-------+-------++-------
Melee: Hand axe          |    87 |   167 |   372 |    32 ||   658
       Headbutt          |     9 |    28 |    78 |     4 ||   119
Throw: Stone             |       |       |    21 |       ||    21
Invok: Berserk           |     2 |     2 |     7 |     2 ||    13
Evoke: Wand              |       |       |       |     1 ||     1
  Use: Potion            |       |     1 |       |     1 ||     2
       Scroll            |       |       |     5 |       ||     5
  Eat: Chunk             |     3 |    10 |    25 |     1 ||    39
       Ration            |       |       |     1 |     1 ||     2
Armor: Animal skin       |    18 |    17 |     1 |       ||    36
       Chain mail        |       |       |   136 |    15 ||   151
Dodge: Dodged            |    54 |   104 |   191 |    20 ||   369
